TOP OF THE 1ST |
Maui Tropics batting - Pitching for Nassau Rockets : RHP Roberto Reyes
|
Pitching: RHP Roberto Reyes
|
|
Batting: LHB Henry Huffman
|
0-0: Ground out 4-3 (Groundball, 4)
|
Batting: RHB Eugene Gill
|
0-0: Ball 1-0: Ball 2-0: Ground out 6-3 (Groundball, 6M)
|
Batting: RHB José Herrera
|
0-0: SOLO HOME RUN (Flyball, 7D), Distance : 366 ft
|
Batting: LHB Luis Antonio Torres
|
0-0: Swinging Strike 0-1: Ball 1-1: Foul Ball, location: 2F 1-2: SINGLE (Groundball, 5D)
|
Batting: RHB Ximena Campos
|
0-0: Called Strike 0-1: Ball 1-1: Ball 2-1: Foul Ball, location: 2F 2-2: Ball 3-2: Foul Ball, location: 2F 3-2: Strikes out swinging
|
Top of the 1st over - 1 run(s), 2 hit(s), 0 error(s), 1 left on base; Maui 1 - Nassau 0 |
BOTTOM OF THE 1ST |
Nassau Rockets batting - Pitching for Maui Tropics : LHP Kent Robinson
|
Pitching: LHP Kent Robinson
|
|
Batting: LHB Doug Thompson
|
0-0: Ground out 4-3 (Groundball, 4S)
|
Batting: SHB Howard Parker
|
0-0: Ground out U3 (Groundball, 3S)
|
Batting: LHB Andrew Alvarado
|
0-0: Foul Ball, location: 2F 0-1: Ball 1-1: Ball 2-1: Foul Ball, location: 2F 2-2: Foul Ball, location: 2F 2-2: Fly out, F4 (Popup, 4)
|
Bottom of the 1st over - 0 run(s), 0 hit(s), 0 error(s), 0 left on base; Maui 1 - Nassau 0 |
TOP OF THE 2ND |
Maui Tropics batting - Pitching for Nassau Rockets : RHP Roberto Reyes
|
Batting: RHB José Rodríguez
|
0-0: Fly out, F7 (Flyball, 78M)
|
Batting: RHB Michael Woodruff
|
0-0: Ball 1-0: Foul Ball, location: 2F 1-1: Ball 2-1: Foul Ball, location: 2F 2-2: Foul Ball, location: 2F 2-2: Strikes out swinging
|
Batting: RHB Matt Silver
|
0-0: Called Strike 0-1: Ball 1-1: SINGLE (Groundball, 34)
|
Batting: RHB John Brown
|
0-0: Ball 1-0: Swinging Strike 1-1: Ball 2-1: Swinging Strike 2-2: Foul Ball, location: 2F 2-2: Strikes out swinging
|
Top of the 2nd over - 0 run(s), 1 hit(s), 0 error(s), 1 left on base; Maui 1 - Nassau 0 |
BOTTOM OF THE 2ND |
Nassau Rockets batting - Pitching for Maui Tropics : LHP Kent Robinson
|
Batting: LHB Bob Martin
|
0-0: Fly out, F7 (Flyball, 7M)
|
Batting: SHB Chris Bennis
|
0-0: Ball 1-0: Ground out 4-3 (Groundball, 4M)
|
Batting: LHB Don Ramey
|
0-0: Ball 1-0: Called Strike 1-1: Ball 2-1: SINGLE (Groundball, 34D)
|
Batting: RHB Yaichiro Sugahara
|
0-0: Ball 1-0: Ball 2-0: Ground out 1-3 (Groundball, 15)
|
Bottom of the 2nd over - 0 run(s), 1 hit(s), 0 error(s), 1 left on base; Maui 1 - Nassau 0 |
TOP OF THE 3RD |
Maui Tropics batting - Pitching for Nassau Rockets : RHP Roberto Reyes
|
Batting: LHB Henry Huffman
|
0-0: Ball 1-0: Fly out, F8 (Flyball, 8RXD)
|
Batting: RHB Eugene Gill
|
0-0: Ball 1-0: Called Strike 1-1: Ball 2-1: SOLO HOME RUN (Flyball, 7LD), Distance : 336 ft
|
Batting: RHB José Herrera
|
0-0: Ball 1-0: Called Strike 1-1: Called Strike 1-2: Ball 2-2: Foul Ball, location: 2F 2-2: Ball 3-2: SINGLE (Flyball, 89S)
|
Batting: LHB Luis Antonio Torres
|
0-0: Called Strike José Herrera steals 2nd base 0-1: Foul Ball, location: 2F 0-2: Ball 1-2: Fly out, F7 (Flyball, 7LMF)
|
Batting: RHB Ximena Campos
|
0-0: Called Strike 0-1: Ball 1-1: Foul Ball, location: 2F 1-2: Strikes out looking
|
Top of the 3rd over - 1 run(s), 2 hit(s), 0 error(s), 1 left on base; Maui 2 - Nassau 0 |
BOTTOM OF THE 3RD |
Nassau Rockets batting - Pitching for Maui Tropics : LHP Kent Robinson
|
Batting: LHB Felipe Cruz
|
0-0: Called Strike 0-1: Ball 1-1: Ball 2-1: Ball 3-1: SINGLE (Line Drive, 4MD)
|
Batting: LHB Rafael Delgado
|
0-0: Ball 1-0: Fly out, F2 (Popup, 2LF)
|
Batting: LHB Doug Thompson
|
0-0: Fly out, F7 (Flyball, 7M)
|
Batting: SHB Howard Parker
|
0-0: Called Strike 0-1: Ball 1-1: Foul Ball, location: 2F 1-2: Foul Ball, location: 2F 1-2: Ground out U3 (Groundball, 3L)
|
Bottom of the 3rd over - 0 run(s), 1 hit(s), 0 error(s), 1 left on base; Maui 2 - Nassau 0 |
TOP OF THE 4TH |
Maui Tropics batting - Pitching for Nassau Rockets : RHP Roberto Reyes
|
Batting: RHB José Rodríguez
|
0-0: Ground out 4-3 (Groundball, 4M)
|
Batting: RHB Michael Woodruff
|
0-0: Fly out, F3 (Popup, 3F)
|
Batting: RHB Matt Silver
|
0-0: Ball 1-0: Called Strike 1-1: Ball 2-1: Foul Ball, location: 2F 2-2: Foul Ball, location: 2F 2-2: Ground out 1-3 (Groundball, 15)
|
Top of the 4th over - 0 run(s), 0 hit(s), 0 error(s), 0 left on base; Maui 2 - Nassau 0 |
BOTTOM OF THE 4TH |
Nassau Rockets batting - Pitching for Maui Tropics : LHP Kent Robinson
|
Batting: LHB Andrew Alvarado
|
0-0: Ball 1-0: Ball 2-0: Foul Ball, location: 2F 2-1: Ground out 4-3 (Groundball, 4)
|
Batting: LHB Bob Martin
|
0-0: Ball 1-0: Called Strike 1-1: Foul Ball, location: 2F 1-2: Ball 2-2: Ground out 4-3 (Groundball, 4)
|
Batting: SHB Chris Bennis
|
0-0: SOLO HOME RUN (Flyball, 7D), Distance : 370 ft
|
Batting: LHB Don Ramey
|
0-0: Called Strike 0-1: Ball 1-1: Ground out U3 (Groundball, 3L)
|
Bottom of the 4th over - 1 run(s), 1 hit(s), 0 error(s), 0 left on base; Maui 2 - Nassau 1 |
TOP OF THE 5TH |
Maui Tropics batting - Pitching for Nassau Rockets : RHP Roberto Reyes
|
Batting: RHB John Brown
|
0-0: Ball 1-0: Ball 2-0: Called Strike 2-1: Ball 3-1: Swinging Strike 3-2: Fly out, F3 (Popup, 3SF)
|
Batting: LHB Henry Huffman
|
0-0: Ball 1-0: Foul Ball, location: 2F 1-1: Ball 2-1: Fly out, F8 (Line Drive, 8RS)
|
Batting: RHB Eugene Gill
|
0-0: Ball 1-0: Called Strike 1-1: Foul Ball, location: 2F 1-2: Strikes out looking
|
Top of the 5th over - 0 run(s), 0 hit(s), 0 error(s), 0 left on base; Maui 2 - Nassau 1 |
BOTTOM OF THE 5TH |
Nassau Rockets batting - Pitching for Maui Tropics : LHP Kent Robinson
|
Batting: RHB Yaichiro Sugahara
|
0-0: Foul Ball, location: 2F 0-1: Reached on error, E5 (Groundball, 5)
|
Batting: LHB Felipe Cruz
|
0-0: Called Strike 0-1: Foul Ball, location: 2F 0-2: Foul Ball, location: 2F 0-2: Strikes out looking
|
Batting: LHB Rafael Delgado
|
0-0: Ball 1-0: Ball 2-0: Foul Ball, location: 2F 2-1: Called Strike Reached via error on a dropped throw, E1 Yaichiro Sugahara to second
|
Batting: LHB Doug Thompson
|
0-0: Called Strike 0-1: Ball 1-1: Foul Ball, location: 2F 1-2: Ball 2-2: DOUBLE (Flyball, 89D) Yaichiro Sugahara scores Rafael Delgado to third Runner from 3rd tries for Home, SAFE, no throw or cutoff
|
Batting: SHB Howard Parker
|
0-0: Ball 1-0: Foul Ball, location: 2F 1-1: Ground out 4-3 (Groundball, 34) Doug Thompson to third
|
Batting: LHB Andrew Alvarado
|
0-0: Fly out, F7 (Flyball, 7D)
|
Bottom of the 5th over - 2 run(s), 1 hit(s), 2 error(s), 1 left on base; Maui 2 - Nassau 3 |
TOP OF THE 6TH |
Maui Tropics batting - Pitching for Nassau Rockets : RHP Roberto Reyes
|
Batting: RHB José Herrera
|
0-0: Swinging Strike 0-1: Swinging Strike 0-2: Ball 1-2: Fly out, F9 (Flyball, 89M)
|
Batting: LHB Luis Antonio Torres
|
0-0: Swinging Strike 0-1: Swinging Strike 0-2: Strikes out looking
|
Batting: RHB Ximena Campos
|
0-0: Called Strike 0-1: Fly out, F5 (Line Drive, 5)
|
Top of the 6th over - 0 run(s), 0 hit(s), 0 error(s), 0 left on base; Maui 2 - Nassau 3 |
BOTTOM OF THE 6TH |
Nassau Rockets batting - Pitching for Maui Tropics : LHP Kent Robinson
|
Batting: LHB Bob Martin
|
0-0: Ball 1-0: Called Strike 1-1: Swinging Strike 1-2: Foul Ball, location: 2F 1-2: Ball 2-2: Ball 3-2: Foul Ball, location: 2F 3-2: Foul Ball, location: 2F 3-2: Foul Ball, location: 2F 3-2: Strikes out swinging
|
Batting: SHB Chris Bennis
|
0-0: Foul Ball, location: 2F 0-1: Ball 1-1: Swinging Strike 1-2: SINGLE (Groundball, 56)
|
Batting: LHB Don Ramey
|
0-0: Called Strike 0-1: Fielders Choice at 2nd, 4-6 (Groundball, 4)
|
Batting: RHB Yaichiro Sugahara
|
0-0: Called Strike 0-1: Called Strike 0-2: Strikes out swinging
|
Bottom of the 6th over - 0 run(s), 1 hit(s), 0 error(s), 1 left on base; Maui 2 - Nassau 3 |
TOP OF THE 7TH |
Maui Tropics batting - Pitching for Nassau Rockets : RHP Roberto Reyes
|
Batting: RHB José Rodríguez
|
0-0: Ground out 6-3 (Groundball, 6)
|
Batting: RHB Michael Woodruff
|
0-0: SINGLE (Groundball, 34D)
|
Pinch Hitting: LHB Anacleto Morillo
|
0-0: Swinging Strike 0-1: Ball 1-1: Swinging Strike 1-2: Strikes out swinging
|
Pinch Hitting: LHB Mario Olivares
|
0-0: Ball 1-0: Called Strike 1-1: Called Strike 1-2: Strikes out swinging
|
Top of the 7th over - 0 run(s), 1 hit(s), 0 error(s), 1 left on base; Maui 2 - Nassau 3 |
BOTTOM OF THE 7TH |
Nassau Rockets batting - Pitching for Maui Tropics : LHP Kent Robinson
|
Now at 2B: Héctor Barajas
|
|
Now at 3B: Anacleto Morillo
|
|
Batting: LHB Felipe Cruz
|
0-0: Swinging Strike 0-1: SINGLE (Line Drive, 9LS)
|
Batting: LHB Rafael Delgado
|
0-0: Ball 1-0: Bunted foul 1-1: Sac Bunt - play at first, batter OUT! 1-4 Felipe Cruz to second
|
Batting: LHB Doug Thompson
|
0-0: Called Strike Felipe Cruz is caught stealing 3rd base 0-1: Foul Ball, location: 2F 0-2: Ball 1-2: Strikes out swinging
|
Bottom of the 7th over - 0 run(s), 1 hit(s), 0 error(s), 0 left on base; Maui 2 - Nassau 3 |
TOP OF THE 8TH |
Maui Tropics batting - Pitching for Nassau Rockets : RHP Roberto Reyes
|
Pitching: RHP Juan Franco
|
|
Batting: LHB Henry Huffman
|
0-0: Ground out 4-3 (Groundball, 4M)
|
Pitching: RHP Nolan Baker
|
|
Batting: RHB Eugene Gill
|
0-0: Ball 1-0: Swinging Strike 1-1: Foul Ball, location: 2F 1-2: Ball 2-2: Ball 3-2: Strikes out looking
|
Batting: RHB José Herrera
|
0-0: Swinging Strike 0-1: Foul Ball, location: 2F 0-2: Strikes out swinging
|
Top of the 8th over - 0 run(s), 0 hit(s), 0 error(s), 0 left on base; Maui 2 - Nassau 3 |
BOTTOM OF THE 8TH |
Nassau Rockets batting - Pitching for Maui Tropics : LHP Kent Robinson
|
Batting: SHB Howard Parker
|
0-0: Called Strike 0-1: Reached on error, E5 (Groundball, 5L)
|
Pitching: RHP Yong-taek Yi
|
|
Batting: LHB Andrew Alvarado
|
0-0: Ball 1-0: Foul Ball, location: 2F 1-1: Ball 2-1: Fly out, F6 (Popup, 6MD)
|
Batting: LHB Bob Martin
|
0-0: Ball 1-0: Ball 2-0: Ball 3-0: Called Strike 3-1: Grounds into double play, 4-6-3 (Groundball, 4)
|
Bottom of the 8th over - 0 run(s), 0 hit(s), 1 error(s), 0 left on base; Maui 2 - Nassau 3 |
TOP OF THE 9TH |
Maui Tropics batting - Pitching for Nassau Rockets : RHP Nolan Baker
|
Pitching: LHP Kai-ge Hui
|
|
Batting: LHB Luis Antonio Torres
|
0-0: Called Strike 0-1: Ball 1-1: Ball 2-1: Ground out 4-3 (Groundball, 4)
|
Batting: RHB Ximena Campos
|
0-0: Foul Ball, location: 2F 0-1: Swinging Strike 0-2: Strikes out looking
|
Batting: RHB José Rodríguez
|
0-0: Swinging Strike 0-1: Ball 1-1: Ball 2-1: Ball 3-1: Swinging Strike 3-2: Base on Balls
|
Batting: RHB Michael Woodruff
|
0-0: Ball 1-0: Fielders Choice at 2nd, 5-4 (Groundball, 56)
|
Top of the 9th over - 0 run(s), 0 hit(s), 0 error(s), 0 left on base; Maui 2 - Nassau 3 |
|